 BcadrenCrawl: Boulder Brew version 0.06-688-g08e91b2d95 (webtiles) character file.

Game seed: 11462572314892618566

79209 Leeroy the Crack Shot (level 15, -3/150 HPs) Tengu Centaur. Began on Jan 29, 2023. Was the Champion of Okawaru. Slain by an orc knight ... wielding a +2 glaive (45 damage) ... on level 2 of the Orcish Mines. The game lasted 03:18:08 (25239 turns).

Leeroy the Crack Shot (Tengu Centaur)              Turns: 25239, Time: 03:18:08

Health: -3/150     AC: 29    Str: 16    XL:     15 ^: 40106
Magic:  19/22      EV: 24    Int: 12    God:    Okawaru [6* [198]]
Gold:   990        SH:  5    Dex: 17    Spells: 13/22 levels left

rFire    + . .     Slash    x   o - +1 long sword (elec)
rCold    x . .     Pierce   .     - Unarmed
rNeg     + . .     Bludgeon .   A - +1 troll leather {Snorg}
rCorr    . . .     Vision   .   s - +1 hat
rPois    +         Gourm    .   V - +2 cloak {soft}
rElec    +         Faith    .   P - +1 pair of gloves {rElec+}
MR       +....     Spirit   .   N - +10 Black Knight's horse barding {ponderous, rPois rN+}
HPRegen  1.00/turn Reflect  +   e - amulet of reflection
MPRegen  0.32/turn Harm     .   Z - ring of evasion
Stlth    +++.......             j - ring of fire

@: heroism, flying quickly and evasively, very slightly contaminated, studying
Whips & Flails, very quick
A: large, beak, hippogriff form, talons, blink, deformed body 1, speed 2, robust
1, shoutitus, tengu flight, soft flesh, AC +3
a: Stop Flying, Blink, Heroism, Finesse, Renounce Religion


You were on level 2 of the Orcish Mines.
You worshipped Okawaru.
Okawaru was exalted by your worship.
You were not hungry.

You visited 7 branches of the dungeon, and saw 20 of its levels.

You collected 1550 gold pieces.
You spent 560 gold pieces at shops.

Inventory:

Weapons
 k - a +4 dagger of freezing
 o - a +1 long sword of electrocution (weapon)
 q - a +1 hunting sling of molten steel
 y - the +7 longbow "Orb Guardian's Curse" {venom, rElec rF++ rN+ MR+ Int-5}
   (Okawaru gifted it to you on level 6 of the Dungeon)

   It poisons the ammo it fires.
   It affects your intelligence (-5).
   It greatly protects you from fire.
   It insulates you from electricity.
   It protects you from negative energy.
   It affects your resistance to hostile enchantments.
 C - a +1 scimitar of molten steel
 H - a +4 shortbow of molten steel
 J - a +1 rapier of speed
 Q - a +2 longbow of freezing
 W - a +0 great sword Shields
 b - a +5 sai of caustic ooze
 O - the +8 sai of the Inquisitive Moons {freeze, -Tele rF+ Str+4 Int+5}
   (Okawaru gifted it to you on level 7 of the Dungeon)

   Base shield rating: 3 Skill to remove penalty: 1.5 It affects your strength
   (+4).
   It affects your intelligence (+5).
   It protects you from fire.
   It prevents most forms of teleportation.
 T - the +6 heater shield of Pragmatism {*Drain rElec rN+ Str+4}
   (You took it off a big kobold on level 6 of the Dungeon)

   Base shield rating: 8 Skill to remove penalty: 9.0 It affects your strength
   (+4).
   It insulates you from electricity.
   It protects you from negative energy.
   It causes draining when unequipped.
Armour
 i - a +1 centaur barding of dexterity
 s - a +1 hat (worn)
 A - a +1 troll leather (worn) {Snorg}
 N - the +10 Black Knight's horse barding (worn) {ponderous, rPois rN+}
   (You acquired it on level 7 of the Dungeon)

   It protects you from poison.
   It protects you from negative energy.
 P - a +1 pair of gloves of insulation (worn)
 V - a +2 cloak of softness (worn)
Jewellery
 e - an amulet of reflection (around neck)
 j - a ring of fire (right hand)
 l - the ring "Tiriexonink" {Ice Int+4 Dex+6}
   (You took it off a gnoll on level 5 of the Dungeon)

   [ring of ice]

   It enhances your ice magic.
   It affects your intelligence (+4).
   It affects your dexterity (+6).
   It makes you vulnerable to fire.
   It protects you from cold.
 x - an uncursed ring of poison resistance
 K - an uncursed ring of resist corrosion
 L - an uncursed ring of positive energy
 Z - a ring of evasion (left hand)
Wands
 a - a wand of acid (4)
 c - a wand of hasting (5)
 B - a wand of disintegration (26)
 I - a wand of iceblast (10)
Scrolls
 h - a scroll of immolation
 p - 2 scrolls of holy word
 t - 2 scrolls of fear
 u - 11 scrolls of teleportation
 E - a scroll of torment
 M - 4 scrolls of magic mapping
 X - 4 scrolls of fog
Potions
 g - 3 potions of agility
 m - 3 potions of resistance
 n - 2 potions of magic
 r - 12 potions of mutation
 v - 6 potions of brilliance
 w - 4 potions of might
 D - 6 potions of invisibility
 F - a potion of cancellation
 G - 8 potions of curing
 S - 2 potions of ambrosia
 U - 3 potions of haste
Miscellaneous
 z - a lamp of fire (inert)
Comestibles
 d - 43 rations


   Skills:
 - Level 10.0(15.0) Fighting
 - Level 11.0(17.6) Short Blades
 - Level 10.4(17.3) Long Blades
 - Level 7.2(12.2) Slings
 + Level 21.6(26.6) Bows
 - Level 2.0(7.0) Armour
 - Level 7.1(12.1) Dodging
 - Level 1.0(6.0) Stealth
 - Level 4.4 Spellcasting


You had 13 spell levels left.
You knew the following spells:

 Your Spells              Type           Power        Failure   Level  Hunger
a - Excruciating Wounds Chrm/Necr 2 (200) 99% 5 267-427 b - Portal Projectile Chrm/Tloc 2 (50) 56% 3 67-127 c - Magic Candle Hex/Fire       3 (90)       22%         1    0-7

Your spell library contained the following spells:

 Spells                   Type           Power        Failure   Level  Hunger
 Slow Hex 2 (100) 22% 1 0-7 Corpse Rot Tmut/Necr N/A 34% 2 27-67 Ensorcelled Hibernation Hex/Ice 2 (50) 34% 2 27-67 Sublimation of Blood Necr 2 (200) 34% 2 27-67 Inner Flame Hex/Fire 3 (100) 56% 3 67-127 Cause Fear Hex 2 (200) 92% 4 147-247 Leda's Liquefaction Tmut/Erth 2 (200) 92% 4 147-247 Bolt of Draining Necr 2 (200) 99% 5 267-427 Silence Hex/Air 2 (200) 99% 5 267-427 Borgnjor's Vile Clutch Necr/Erth 2 (200) 100% 6 387-607 Darkness Hex 2 (200) 100% 6 387-607 Shadow Creatures Summ N/A 100% 6 387-607 Infestation Tmut/Pois      2 (200)      100%        7    507-787


Dungeon Overview and Level Annotations

Branches:
Dungeon (8/8)              Temple (1/1) D:4            Lair (6/6) D:5
 Shoals (1/4) Lair:4       Spider (1/4) Lair:2        Slime (0/5) Lair:5
    Orc (2/2) D:6             Elf (0/3) Orc:2        Vaults (0/5) D:7
 Depths (1/5) D:8

Altars:
Ashenzari
Cheibriados
Dithmenos
Elyvilon
Fedhas Madash
Gozag Ym Sagoz
Hepliaklqana
Kikubaaqudgha
Makhleb
Nemelex Xobeh
Okawaru
Qazlal
Ru
Sif Muna
Trog
Uskayaw
Vehumet
Xom
Yredelemnul
Zin
The Shining One
Beogh

Shops:
D:7 :   Orc:1 %

Portals:
Abyss: Lair:4

Annotations:
D:4 2 transporters, VineThatTabs's ghost, novice MiMf
Lair:3 exclusion: 2 oklob plants
Lair:4 2 transporters, Leeroy's ghost, journeyman TeCe


Innate Abilities, Weirdness & Mutations

Your horsehide is resilient. (AC +3)
You have a beak for a mouth.
You have a hippogriff-like bottom half; talons in the front, hooves in the back.
Armour fits poorly on your strangely shaped body.
You cover ground very quickly.
You can fly continuously.
Your speed and evasion are boosted while flying.
Your soft flesh is weak to deep cuts.
Heavy manmade armour will nullify this weakness. (rSlashing-)
You can translocate small distances at will.
You are robust. (+10% HP)
You frequently shout uncontrollably at your foes.


Message History

Unknown command.
Okay, then.
You gain the combat prowess of a mighty hero.
The orc warrior hits you with a +0 hatchet (14)!
You are lacerated severely!
* * * LOW HITPOINT WARNING * * *
The orc wizard mumbles some strange words.
The orc wizard flickers and vanishes!
Deactivating autopickup; reactivate with Ctrl-A.
The orc knight misses you.
You barely miss the orc warrior.
You hit the orc warrior but do no damage.
Your kick misses the orc warrior.
The orc warrior is moderately wounded. (20/28) HP The orc warrior hits you with a +0 hatchet (17)!
You are lacerated severely!
* * * LOW HITPOINT WARNING * * *
Okay, then.
You feel much better.
You drop the empty bottle.
You hear a sizzling splash.
The orc knight hits you from afar with a +2 glaive (45)!!!
You are lacerated severely!
You die...

,,,,,,,,,,,,,,*≈≈,≈*,,*≈,≈≈,,,**
*,,,,,,,,,##.#.≈≈≈,*,.#.≈≈≈,,,***
****,,....*....##**∩,..#***,,*,**
*,,.....#,.....,,,....,,,,,,,,,
**,#.....*,...,,,...,,,,,,**,**
***,,......###o####...∩**********
*,,,,..Y.....Yo§§§§#,,*,≈≈≈*
,,,,,........oY§§o§#,,*≈,≈≈*
,,,,,......Y.{o≈@§≈#,,*≈≈≈≈*
*,,**........YY≈≈≈§#,,*≈≈≈≈*
*****#........ooo.o....,,***
##..............$..,**
###.<.........##..,,*
#......#..#.##**#,**
*#..#...##.....*****
#...##.##......,*
##.**###**.#.#,**


You could see 2 orc knights, 3 orc warriors, 5 ice beasts and 4 orcs.

Vanquished Creatures
  Circe (D:7)
  Louise (D:7)
  Snorg (D:7)
  2 eidola (Lair:3)
  2 fire dragons (D:8)
  A merfolk avatar (Lair:6)
  Josephine (D:7)
  5 boulder beetles
  Erica (Orc:1)
  Urug (Orc:2)
  2 ogre magi (D:7)
  An orc high priest (Orc:2)
  An unseen horror (shapeshifter) (D:8)
  3 unseen horrors
  Sonja (D:7)
  A tengu warrior (D:8)
  6 two-headed ogres (D:7)
  A fire crab (Lair:6)
  A lindwurm (Lair:6)
  A harpy (Lair:6)
  5 hydras
  A skeletal warrior (D:6)
  2 centaur warriors
  2 orc knights
  A rock worm (shapeshifter) (D:7)
  2 deep elf magi
  3 fauns (Shoals:1)
  2 orb spiders (Spider:1)
  A torpor snail (Lair:3)
  4 manticores
  A merfolk siren (Shoals:1)
  A death yak (Lair:5)
  An orc sorcerer (Orc:2)
  2 sea snakes (Lair:6)
  3 ugly things (D:8)
  4 black mambas
  3 giraffes (Lair:4)
  5 trolls
  A wolf spider (Spider:1)
  2 kobold demonologists (D:6)
  A yaktaur (D:8)
  2 rime drakes (Lair:6)
  4 elephants (Lair:6)
  A yaktaur (shapeshifter) (D:8)
  A tengu conjurer (D:8)
  3 polar bears
  3 jumping spiders
  14 komodo dragons
  8 wraiths
  A wind drake (Lair:6)
  2 demonic crawlers
  4 hornets
  3 merfolk
  13 spiny frogs
  A cyclops (Orc:2)
  6 hippogriffs
  5 wyverns
  A steam dragon (Lair:3)
  2 shadows (D:6)
  Eustachio (D:3)
  An acid dragon (D:8)
  31 yaks
  7 basilisks
  3 hogs (D:7)
  4 bone scorpions
  8 redbacks
  An eye of draining (D:5)
  6 wargs
  4 slime creatures
  A guardian mummy (Lair:3)
  2 phantoms
  2 necrophages (D:5)
  17 orc warriors
  4 scorpions
  9 water moccasins
  19 porcupines
  4 ice beasts
  4 sky beasts
  2 black bears
  A boggart (D:6)
  12 ogres
  2 wolves
  19 crocodiles
  6 big kobolds
  3 centaurs
  2 gnoll sergeants (D:5)
  12 blink frogs
  8 howler monkeys
  5 wights
  A quasit (D:4)
  11 electric eels
  A llaibwca (D:4)
  Prince Ribbit (D:2)
  13 orc priests
  8 hounds
  15 jellies
  2 iguanas (D:4)
  11 worker ants
  19 orc wizards
  A wyvern zombie (D:4)
  5 wyvern skeletons
  3 giant cockroaches (D:2)
  2 boggart skeletons
  A cysgobwca (D:4)
  11 adders
  10 gnolls (D:5)
  28 sewer rats
  9 worms
  10 cinder newts
  23 bullfrogs
  2 worker ant zombies (D:5)
  A howler monkey skeleton (D:5)
  6 oozes
  A dart slug (D:3)
  2 adder zombies
  7 leopard geckos
  42 orcs
  3 adder skeletons
  A ball python (D:3)
  A cinder newt skeleton (D:2)
  7 goblins (D:1)
  3 hobgoblins (D:1)
  10 jackals
  A ball python skeleton (D:2)
  2 bats (D:1)
  A bat skeleton (D:2)
  15 kobolds
  A quokka zombie (D:5)
  A rat (D:1)
  A butterfly (D:7)
  A fungus (Lair:6)
  2 withered plants (D:2)
651 creatures vanquished.

Vanquished Creatures (collateral kills)
  An orc sorcerer (Orc:2)
  A troll (Orc:2)
  4 orc warriors (Orc:2)
  An orc priest (Orc:2)
  An orc wizard (Orc:2)
  An orc (Orc:2)
9 creatures vanquished.

Vanquished Creatures (others)
  A human (D:7)
  A bone scorpion (D:7)
  2 orc wizards
  2 giant cockroaches
  An adder (D:5)
  4 sewer rats (D:2)
  A bullfrog (D:2)
  An orc (Orc:2)
  2 bats (D:2)
  A kobold (D:2)
  11 fungi (Lair:6)
  7 giant blowflies
  21 plants (Lair:6)
  3 slimeheads (D:2)
  179 withered plants (D:2)
237 creatures vanquished.

Grand Total: 897 creatures vanquished

Notes
Turn   | Place    | Note
-------+----------+-------------------------------------------
     0 | D:1      | Leeroy the Tengu Centaur began the quest for the Orb.
     0 | D:1      | Reached XP level 1. HP: 24/24 MP: 2/2
   161 | D:1      | Reached skill level 5 in Bows
   165 | D:1      | Reached XP level 2. HP: 5/32 MP: 3/3
   472 | D:1      | Reached skill level 6 in Bows
   577 | D:1      | Reached XP level 3. HP: 40/40 MP: 4/4
   761 | D:2      | Reached skill level 7 in Bows
   830 | D:2      | Reached XP level 4. HP: 37/48 MP: 5/5
  1156 | D:2      | Reached skill level 8 in Bows
  1397 | D:2      | Gained mutation: You can fly continuously. Your speed and
                  | evasion are boosted while flying. [Tengu growth]
  1397 | D:2      | Reached XP level 5. HP: 56/56 MP: 6/6
  1839 | D:2      | Reached skill level 9 in Bows
  1889 | D:2      | Reached XP level 6. HP: 64/64 MP: 7/7
  1941 | D:2      | Noticed a water moccasin
  2117 | D:2      | Reached skill level 10 in Bows
  2242 | D:2      | Found a shadowy altar of Dithmenos.
  2242 | D:2      | Found an opulent altar of Gozag.
  2372 | D:2      | Reached skill level 11 in Bows
  2643 | D:2      | Reached XP level 7. HP: 64/72 MP: 8/8
  2795 | D:2      | Identified a scroll of acquirement
  2803 | D:2      | Reached skill level 12 in Bows
  3392 | D:2      | Noticed Prince Ribbit
  3396 | D:2      | Reached skill level 13 in Bows
  3425 | D:2      | Killed Prince Ribbit
  3486 | D:1      | Reached XP level 8. HP: 35/81 MP: 9/9
  4113 | D:3      | Reached skill level 14 in Bows
  4145 | D:3      | Noticed Eustachio
  4151 | D:3      | Killed Eustachio
  4295 | D:3      | Reached skill level 15 in Bows
  4795 | D:3      | Reached skill level 16 in Bows
  4795 | D:3      | Reached XP level 9. HP: 89/89 MP: 10/10
  5143 | D:4      | Found a staircase to the Ecumenical Temple.
  5162 | Temple   | Entered the Ecumenical Temple
  5359 | Temple   | Became a worshipper of Warmaster Okawaru
  5433 | D:4      | Reached skill level 1 in Short Blades
  5455 | D:4      | Found a transporter.
  5455 | D:4      | Noticed VineThatTabs's ghost (novice MiMf)
  5462 | D:4      | Found a transporter.
  6046 | D:4      | Reached skill level 5 in Short Blades
  6106 | D:4      | Reached * piety under Okawaru
  6175 | D:4      | Noticed a moth of wrath
  6360 | D:5      | Entered Level 5 of the Dungeon
  6397 | D:5      | Noticed a manticore
  6399 | D:5      | Noticed a boulder beetle
  6413 | D:5      | Killed a manticore
  6683 | D:5      | Reached ** piety under Okawaru
  6686 | D:5      | Reached XP level 10. HP: 71/97 MP: 11/11
  7213 | D:4      | Reached *** piety under Okawaru
  7588 | D:5      | Reached skill level 10 in Short Blades
  7787 | D:5      | Reached **** piety under Okawaru
  8066 | D:5      | Killed a boulder beetle
  8165 | D:5      | Identified the ring "Tiriexonink" {Ice Int+4 Dex+6}
  8166 | D:5      | Reached XP level 11. HP: 104/104 MP: 12/12
  8230 | D:5      | Found a staircase to the Lair.
  8652 | D:5      | Found a blossoming altar of Fedhas.
  8652 | D:5      | Found a white marble altar of Elyvilon.
  8753 | D:5      | Reached ***** piety under Okawaru
  8753 | D:5      | Reached skill level 5 in Dodging
  8791 | D:5      | Found a hazy altar of Hepliaklqana.
  9005 | Lair:1   | Entered Level 1 of the Lair of Beasts
  9579 | D:6      | Identified the +6 heater shield of Pragmatism {*Drain rElec
                  | rN+ Str+4}
  9690 | D:5      | Reached skill level 5 in Slings
 10484 | D:5      | Killed an unseen horror
 10536 | D:6      | Reached skill level 5 in Fighting
 10578 | D:6      | Noticed a seven-headed hydra
 10586 | D:6      | Killed a seven-headed hydra
 10586 | D:6      | Received a gift from Okawaru
 10752 | D:7      | Noticed a centaur warrior
 10752 | D:7      | Noticed an ogre mage
 10752 | D:7      | Noticed a two-headed ogre
 10752 | D:7      | Noticed a two-headed ogre
 10752 | D:7      | Noticed a two-headed ogre
 10753 | D:7      | Noticed a two-headed ogre
 10757 | D:7      | Found a gate to the Vaults.
 10757 | D:7      | Noticed a two-headed ogre
 10757 | D:7      | Noticed a two-headed ogre
 10757 | D:7      | Noticed an ogre mage
 10757 | D:7      | Noticed Josephine
 10758 | D:7      | Noticed a boulder beetle
 10777 | D:6      | Reached XP level 12. HP: 22/113 MP: 13/13
 10838 | D:6      | Reached ****** piety under Okawaru
 11152 | Lair:1   | Noticed a boulder beetle
 11201 | Lair:1   | Killed a boulder beetle
 11669 | Lair:1   | Noticed a boulder beetle
 11732 | Lair:1   | Killed a boulder beetle
 12152 | Lair:2   | Found a hole to the Spider Nest.
 12588 | Lair:2   | Identified the +0 scale mail of Hepliaklqana's Reproof
                  | {rElec rCorr Dex-2}
 13576 | Lair:3   | Reached skill level 10 in Fighting
 13882 | Lair:3   | Identified the +0 helmet of Mezcal {Slay+5}
 13888 | Lair:3   | Noticed an eidolon
 13939 | Lair:3   | Killed an eidolon
 13939 | Lair:3   | Reached skill level 17 in Bows
 14707 | Lair:3   | Noticed an eidolon
 14761 | Lair:3   | Killed an eidolon
 14761 | Lair:3   | Received a gift from Okawaru
 14761 | Lair:3   | Reached skill level 18 in Bows
 14761 | Lair:3   | Reached XP level 13. HP: 120/121 MP: 14/14
 15228 | Lair:4   | Found a transporter.
 15252 | Lair:4   | Found a transporter.
 15466 | Lair:4   | Found a one-way gate to the infinite horrors of the Abyss.
 15466 | Lair:4   | Noticed Leeroy's ghost (journeyman TeCe)
 15737 | Lair:4   | Found a staircase to the Shoals.
 16034 | Lair:4   | Reached skill level 1 in Long Blades
 16142 | Lair:5   | Found a staircase to the Slime Pits.
 16603 | Lair:5   | Received a gift from Okawaru
 16987 | Lair:6   | Entered Level 6 of the Lair of Beasts
 17256 | Lair:6   | Reached skill level 5 in Long Blades
 17389 | Lair:6   | Gained mutation: You are robust. (+10% HP) [potion of
                  | mutation]
 17390 | Lair:6   | Gained mutation: You can translocate small distances at
                  | will. [potion of mutation]
 17453 | Lair:6   | Reached skill level 19 in Bows
 17464 | Lair:6   | Received a gift from Okawaru
 17944 | Lair:6   | Reached skill level 20 in Bows
 18436 | Lair:6   | Received a gift from Okawaru
 18506 | Lair:6   | Reached skill level 21 in Bows
 18506 | Lair:6   | Reached XP level 14. HP: 141/141 MP: 15/15
 18842 | Spider:4 | Connectivity tunneler affected grunt_spider_rune_circles.
 18842 | Shoals:1 | Entered Level 1 of the Shoals
 18951 | Spider:1 | Entered Level 1 of the Spider Nest
 19812 | Spider:1 | Reached skill level 1 in Armour
 21247 | D:6      | Found a staircase to the Orcish Mines.
 21410 | D:6      | Identified the +7 longbow "Orb Guardian's Curse" {venom,
                  | rElec rF++ rN+ MR+ Int-5} (Okawaru gifted it to you on
                  | level 6 of the Dungeon)
 21410 | D:6      | Received a gift from Okawaru
 21698 | D:7      | Noticed Circe
 21881 | D:7      | Noticed Snorg
 21887 | D:7      | Killed Snorg
 21933 | D:7      | Noticed Sonja
 22019 | D:7      | Found the +10 Black Knight's horse barding {ponderous,
                  | rPois rN+}
 22021 | D:7      | Got the +10 Black Knight's horse barding {ponderous, rPois
                  | rN+}
 22116 | D:7      | Killed Josephine
 22116 | D:7      | Received a gift from Okawaru
 22179 | D:7      | Found a shattered altar of Ashenzari.
 22198 | D:7      | Noticed Louise
 22394 | Orc:1    | Entered Level 1 of the Orcish Mines
 22394 | Orc:1    | Found a roughly hewn altar of Beogh.
 22620 | Orc:1    | Learned a level 5 spell: Excruciating Wounds
 22653 | Orc:1    | Noticed Erica
 22657 | Orc:1    | Killed Erica
 22657 | Orc:1    | Reached skill level 10 in Long Blades
 22670 | Orc:1    | Found Jupn's Food Boutique.
 22822 | Orc:2    | Entered Level 2 of the Orcish Mines
 23037 | Orc:2    | Reached skill level 1 in Spellcasting
 23039 | Orc:2    | Gained mutation: You frequently shout uncontrollably at
                  | your foes. [a neqoxec]
 23101 | Orc:2    | Noticed Urug
 23115 | Orc:2    | Killed Urug
 23144 | Orc:2    | Noticed an orc warlord
 23356 | D:7      | Killed Louise
 23356 | D:7      | Identified the +8 sai of the Inquisitive Moons {freeze,
                  | -Tele rF+ Str+4 Int+5} (Okawaru gifted it to you on level 7
                  | of the Dungeon)
 23356 | D:7      | Received a gift from Okawaru
 23394 | D:7      | Noticed a sphinx
 23405 | D:7      | Killed Circe
 23597 | D:7      | Killed Sonja
 23617 | D:7      | Found Daxemm's Book Boutique.
 23620 | D:7      | Bought a book of Debilitation for 560 gold pieces
 23624 | D:7      | Learned a level 3 spell: Portal Projectile
 23626 | D:7      | Learned a level 1 spell: Magic Candle
 23678 | D:8      | Entered Level 8 of the Dungeon
 23735 | D:7      | Reached XP level 15. HP: 139/150 MP: 20/22
 24534 | D:8      | Received a gift from Okawaru
 24560 | D:8      | Found a staircase to the Depths.
 25000 | Depths:1 | Entered Level 1 of the Depths
 25239 | Orc:2    | Slain by an orc knight

Illustrated notes

Levels and vault maps discovered:
D:1:      dpeg_arrival_concentric_ovals, layout_cave_pools
D:2:      layout_sewer, kennysheep_little_box,
          chequers_temple_overflow_statue_of_worship, sewer_frog_pond
D:3:      layout_loops_ring, first_ration, uniq_eustachio, uniq_prince_ribbit1
D:4:      layout_roguey, minmay_temple_entry_ruins,
          gammafunk_ghost_berserking_beasts, bcadren_nooodl_food_pyramid
D:5:      layout_loops_ring, gammafunk_temple_overflow_elements,
          nicolae_overflow_crystal_walls, erik_lair_island
D:6:      layout_cave_pools, david_orc_4
D:7:      layout_rooms, evilmike_ruin_ashenzari, david_vaults_2, serial_shops,
          kennysheep_mini_moat, uniq_sonja, uniq_josephine, uniq_snorg,
          uniq_circe, uniq_louise
D:8:      grunt_enter_depths_hoard, layout_irregular_city, chequers_arboretum
Temple:   regret_index_temple_generic_petals
Lair:1:   layout_big_grid, grunt_megastairs_3
Lair:2:   layout_layer_cave, nicolae_spider_entry_non_spiders,
          serial_bayou_shore_b
Lair:3:   layout_cave_shapes, miniossuary_due_ghosttown, minmay_hedge_maze,
          disabler_island
Lair:4:   layout_cave_pods, elwin_shoals_entry_rooms,
          gammafunk_ghost_abyssal_escape, serial_bayou_pond_e,
          grunt_megastairs_4
Lair:5:   layout_gridlike, nicolae_slime_entry_slimehenge, beast_lair_carwin_9
Lair:6:   gammafunk_lair_ancient_temple, layout_loops_ring
Shoals:1: layout_shoals
Spider:1: layout_spider_delve
Orc:1:    layout_caves, basic_altar, serial_shops,
          nicolae_shop_temple_entry_statues_fountains, uniq_erica
Orc:2:    grunt_orc_cross, layout_caves, portal_ice_cave_entry_ice_beasts,
          guppyfry_orc_lava_fort
Depths:1: layout_roguey [special_room_mythical_zoo], hell_entry,
          serial_bayou_shore_b, minmay_gold_behind_fungi,
          minmay_misc_feat_hallway, nemelex_altar_shiori

Skill      XL: |  1  2  3  4  5  6  7  8  9 10 11 12 13 14 |
---------------+-------------------------------------------+-----
Bows           | 5 6 7 8 9 11 13 16 18 21 | 21.6
Slings         | 3 7 |  7.2
Short Blades   | 7 11 | 11.0
Dodging        | 4 6 7 |  7.1
Fighting       | 6 10 | 10.0
Long Blades    | 5 10 | 10.4
Armour         | 2 |  2.0
Spellcasting   | 4 |  4.4
Stealth        | |  1.0

Action                   |  1- 3 |  4- 6 |  7- 9 | 10-12 | 13-15 || total
-------------------------+-------+-------+-------+-------+-------++-------
Melee: Dagger            |    22 |    76 |     1 |   141 |     1 ||   241
       Unarmed           |    21 |    74 |    15 |    50 |    33 ||   193
       Kick              |     6 |    15 |    11 |    78 |    97 ||   207
       Tailslap          |     4 |     9 |     7 |    39 |    54 ||   113
       Rapier            |       |       |    18 |    11 |    28 ||    57
       Long sword        |       |       |       |     4 |    35 ||    39
       Great sword       |       |       |       |     2 |   204 ||   206
       Scimitar          |       |       |       |       |    19 ||    19
       Sai               |       |       |       |       |    19 ||    19
 Fire: Shortbow          |    54 |   221 |   429 |   719 |   396 ||  1819
       Hunting sling     |       |       |    56 |   282 |    48 ||   386
       Longbow           |       |       |       |       |   330 ||   330
Throw: Rusty metal       |       |       |       |       |     7 ||     7
       Skull             |       |       |       |       |     5 ||     5
       Stone             |       |       |       |       |     4 ||     4
       Bone              |       |       |       |       |     3 ||     3
Invok: Heroism           |       |       |       |     1 |     2 ||     3
       Finesse           |       |       |       |       |     1 ||     1
 Abil: Fly               |       |     1 |       |     2 |     1 ||     4
       Blink             |       |       |       |       |    14 ||    14
Evoke: Wand              |       |       |       |       |     2 ||     2
       Lamp of fire      |       |       |       |       |     1 ||     1
  Use: Scroll            |       |       |     3 |     9 |    11 ||    23
       Potion            |       |       |       |     1 |     5 ||     6
 Stab: Distracted        |       |       |       |     1 |       ||     1
       Sleeping          |       |       |       |       |     1 ||     1
  Eat: Chunk             |       |     4 |     8 |    19 |    20 ||    51
       Ration            |       |       |       |       |     2 ||     2
Armor: Leather armour    |     7 |    33 |    21 |    28 |       ||    89
       Troll leather     |       |       |       |   100 |   244 ||   344
       Skin              |       |       |       |     1 |       ||     1
Dodge: Dodged            |     6 |    39 |    10 |    65 |   192 ||   312
Block: Other             |       |       |       |       |    20 ||    20
       Reflection        |       |       |       |       |     1 ||     1
       Sai               |       |       |       |       |     3 ||     3
       Rpst.: Great sword |       |       |       |       |    29 ||    29
       Long sword        |       |       |       |       |     4 ||     4
